[ AOE2 MATCH · #506911398 ]
UnrankedBurmese vs Georgians
Player's team · LOSS
Rival team · WIN
[ REPLAY ANALYSIS · EXTRACTED FROM THE RECORDED GAME ]
Feudal
8:51
Castle
24:27
Imperial
—
| APM avg | 67.3 |
| APM peak | 109 |
| eAPM avg | 32.9 |
| Villagers / military | 101 / 73 |
Focus
⚔️ 47.2% · 🌾 52.8%
Archer ×56 · Scout Cavalry ×7 · Spearman ×6 · Mangonel ×3 · Militia ×1
Feudal
10:08
Castle
25:24
Imperial
—
| APM avg | 68.1 |
| APM peak | 109 |
| eAPM avg | 26.4 |
| Villagers / military | 83 / 80 |
Focus
⚔️ 42.9% · 🌾 57.1%
Skirmisher ×30 · Archer ×16 · Cavalry Archer ×11 · Scout Cavalry ×10 · Militia ×6 · Spearman ×4
Match map
Initial resources + every placement click. Lines = walls · curves = elevation contours. ◆ gold · ⬟ stone · ● berries · ✦ relic · ◌ wall gap
Your base· Open — 5t gap
Scotty's base· Open — 5t gap
Smoothed initial terrain · ◌ = detected wall gap · hover for details
Inputs per minute
— MicroDA - - Scotty
Build order — MicroDA
First 150 of 281 actions detected
| 0:00 | Create | Villager (Male) |
| 0:01 | Build | House |
| 0:02 | Build | House |
| 0:07 | Create | Villager (Male) |
| 0:19 | Create | Villager (Male) |
| 0:25 | Create | Villager (Male) |
| 1:40 | Create | Villager (Male) |
| 1:51 | Create | Villager (Male) |
| 1:59 | Build | Lumber Camp |
| 2:27 | Create | Villager (Male) |
| 2:28 | Create | Villager (Male) |
| 2:42 | Create | Villager (Male) |
| 2:43 | Create | Villager (Male) |
| 2:57 | Create | Villager (Male) |
| 2:57 | Create | Villager (Male) |
| 3:22 | Build | House |
| 3:39 | Create | Villager (Male) |
| 3:39 | Create | Villager (Male) |
| 3:39 | Create | Villager (Male) |
| 4:16 | Create | Villager (Male) |
| 4:16 | Create | Villager (Male) |
| 4:44 | Build | Mill |
| 4:51 | Create | Villager (Male) |
| 5:22 | Create | Villager (Male) |
| 5:23 | Create | Villager (Male) |
| 6:11 | Research | Loom |
| 6:30 | Research | Feudal Age |
| 6:52 | Create | Villager (Male) |
| 7:08 | Build | House |
| 7:11 | Create | Villager (Male) |
| 7:22 | Create | Villager (Male) |
| 7:28 | Build | Palisade Wall |
| 7:30 | Build | Palisade Wall |
| 7:35 | Create | Villager (Male) |
| 7:53 | Build | House |
| 7:56 | Build | Palisade Wall |
| 7:58 | Create | Villager (Male) |
| 8:12 | Build | Barracks |
| 8:23 | Create | Villager (Male) |
| 8:51 | Age | Feudal Age |
| 8:52 | Build | Stable |
| 9:17 | Build | House |
| 9:29 | Create | Scout Cavalry |
| 9:29 | Create | Scout Cavalry |
| 9:29 | Create | Scout Cavalry |
| 9:36 | Create | Villager (Male) |
| 9:39 | Build | Farm |
| 9:40 | Build | Farm |
| 9:42 | Create | Villager (Male) |
| 9:48 | Build | Palisade Wall |
| 10:09 | Build | Farm |
| 10:12 | Create | Villager (Male) |
| 10:20 | Build | Farm |
| 10:23 | Create | Scout Cavalry |
| 10:43 | Create | Villager (Male) |
| 10:51 | Create | Villager (Male) |
| 10:55 | Create | Villager (Male) |
| 11:04 | Create | Villager (Male) |
| 11:14 | Create | Villager (Male) |
| 11:20 | Build | Archery Range |
| 11:32 | Build | House |
| 11:37 | Create | Villager (Male) |
| 11:46 | Create | Villager (Male) |
| 11:51 | Create | Villager (Male) |
| 11:53 | Build | House |
| 12:05 | Create | Scout Cavalry |
| 12:14 | Create | Archer |
| 12:16 | Build | Mining Camp |
| 12:17 | Create | Villager (Male) |
| 12:21 | Create | Villager (Male) |
| 12:26 | Build | Farm |
| 12:33 | Create | Villager (Male) |
| 12:39 | Create | Villager (Male) |
| 12:41 | Create | Villager (Male) |
| 12:46 | Build | Farm |
| 12:50 | Create | Scout Cavalry |
| 13:08 | Create | Villager (Male) |
| 13:14 | Build | Palisade Wall |
| 13:27 | Create | Villager (Male) |
| 13:28 | Create | Archer |
| 13:32 | Build | Archery Range |
| 13:33 | Create | Villager (Male) |
| 13:34 | Build | House |
| 13:40 | Build | House |
| 13:43 | Create | Spearman |
| 13:49 | Build | House |
| 13:53 | Create | Villager (Male) |
| 13:56 | Create | Archer |
| 14:01 | Build | House |
| 14:14 | Build | Palisade Wall |
| 14:16 | Build | Palisade Wall |
| 14:17 | Build | Palisade Wall |
| 14:42 | Create | Archer |
| 14:42 | Create | Archer |
| 14:56 | Create | Scout Cavalry |
| 14:56 | Create | Spearman |
| 15:06 | Create | Archer |
| 15:12 | Build | Blacksmith |
| 15:17 | Build | Farm |
| 15:24 | Build | Palisade Wall |
| 15:25 | Build | Palisade Wall |
| 15:27 | Build | Palisade Wall |
| 15:28 | Build | Palisade Wall |
| 15:30 | Build | Palisade Wall |
| 15:31 | Build | Palisade Wall |
| 15:33 | Create | Villager (Male) |
| 15:33 | Create | Villager (Male) |
| 15:34 | Create | Archer |
| 15:45 | Build | Farm |
| 15:45 | Create | Villager (Male) |
| 15:50 | Build | House |
| 15:52 | Create | Spearman |
| 15:54 | Create | Spearman |
| 16:06 | Research | Fletching |
| 16:07 | Create | Villager (Male) |
| 16:14 | Build | Palisade Wall |
| 16:17 | Build | Palisade Wall |
| 16:30 | Build | Lumber Camp |
| 16:31 | Create | Villager (Male) |
| 16:34 | Create | Archer |
| 16:46 | Create | Militia |
| 16:51 | Build | House |
| 16:54 | Build | House |
| 16:58 | Build | House |
| 17:00 | Create | Villager (Male) |
| 17:00 | Create | Villager (Male) |
| 17:02 | Create | Archer |
| 17:10 | Create | Archer |
| 17:15 | Build | House |
| 17:20 | Build | House |
| 17:22 | Build | Palisade Wall |
| 17:28 | Build | Palisade Wall |
| 17:28 | Create | Villager (Male) |
| 17:29 | Create | Villager (Male) |
| 17:32 | Create | Archer |
| 17:32 | Create | Archer |
| 17:34 | Create | Archer |
| 17:38 | Create | Spearman |
| 17:46 | Build | Farm |
| 17:48 | Build | Farm |
| 17:49 | Build | Farm |
| 17:57 | Create | Archer |
| 17:59 | Create | Spearman |
| 18:43 | Create | Archer |
| 18:43 | Create | Archer |
| 18:57 | Build | Palisade Wall |
| 18:57 | Build | Palisade Wall |
| 19:01 | Create | Villager (Male) |
| 19:07 | Create | Archer |
| 19:08 | Create | Villager (Male) |
Build order — Scotty
First 150 of 273 actions detected
| 0:01 | Create | Villager (Male) ×4 |
| 0:01 | Create | Villager (Male) ×4 |
| 0:02 | Build | House |
| 0:04 | Build | House |
| 1:27 | Create | Villager (Male) |
| 1:27 | Create | Villager (Male) |
| 1:27 | Create | Villager (Male) |
| 1:54 | Create | Villager (Male) |
| 1:55 | Create | Villager (Male) |
| 2:24 | Create | Villager (Male) |
| 2:24 | Create | Villager (Male) |
| 2:24 | Create | Villager (Male) |
| 2:42 | Build | Barracks |
| 2:51 | Create | Villager (Male) |
| 2:51 | Create | Villager (Male) |
| 2:51 | Create | Villager (Male) |
| 3:15 | Create | Villager (Male) |
| 3:15 | Create | Villager (Male) |
| 3:20 | Build | House |
| 3:56 | Create | Villager (Male) |
| 3:58 | Create | Militia |
| 3:58 | Create | Militia |
| 3:58 | Create | Militia |
| 4:09 | Build | House |
| 4:14 | Create | Militia |
| 4:38 | Create | Militia |
| 4:38 | Create | Villager (Male) |
| 4:38 | Create | Villager (Male) |
| 4:57 | Create | Militia |
| 4:59 | Create | Villager (Male) |
| 4:59 | Create | Villager (Male) |
| 5:14 | Build | House |
| 5:25 | Create | Villager (Male) |
| 5:25 | Create | Villager (Male) |
| 5:41 | Create | Villager (Male) |
| 5:42 | Create | Villager (Male) |
| 5:42 | Create | Villager (Male) |
| 5:42 | Create | Villager (Male) |
| 6:41 | Create | Villager (Male) |
| 6:44 | Create | Villager (Male) |
| 6:44 | Research | Loom |
| 7:14 | Build | Mill |
| 7:57 | Research | Feudal Age |
| 7:57 | Research | Feudal Age |
| 8:42 | Build | Palisade Wall |
| 8:43 | Build | Palisade Wall |
| 8:43 | Build | Palisade Wall |
| 8:44 | Build | Palisade Wall |
| 8:44 | Build | Palisade Wall |
| 8:45 | Build | Palisade Wall |
| 8:45 | Build | Palisade Wall |
| 8:56 | Create | Villager (Male) |
| 9:15 | Build | House |
| 9:16 | Build | Palisade Wall |
| 10:07 | Create | Villager (Male) |
| 10:08 | Age | Feudal Age |
| 10:20 | Build | Stable |
| 10:25 | Build | Farm |
| 10:31 | Research | Double-Bit Axe |
| 10:31 | Research | Double-Bit Axe |
| 10:54 | Create | Villager (Male) |
| 10:57 | Create | Spearman |
| 11:06 | Build | Farm |
| 11:06 | Create | Villager (Male) |
| 11:07 | Build | Farm |
| 11:17 | Create | Scout Cavalry |
| 11:17 | Create | Scout Cavalry |
| 11:17 | Create | Scout Cavalry |
| 11:23 | Build | Farm |
| 11:25 | Build | Farm |
| 11:28 | Build | House |
| 11:31 | Create | Villager (Male) |
| 11:47 | Build | Farm |
| 12:00 | Create | Villager (Male) |
| 12:04 | Build | Farm |
| 12:10 | Build | Farm |
| 12:11 | Create | Villager (Male) |
| 12:24 | Create | Scout Cavalry |
| 12:30 | Create | Spearman |
| 12:31 | Create | Spearman |
| 12:31 | Create | Spearman |
| 12:37 | Build | House |
| 12:39 | Build | Palisade Wall |
| 12:42 | Create | Villager (Male) |
| 12:44 | Build | Mule Cart |
| 13:04 | Create | Villager (Male) |
| 13:16 | Create | Villager (Male) |
| 13:25 | Create | Scout Cavalry |
| 13:39 | Build | Archery Range |
| 13:43 | Create | Scout Cavalry |
| 13:49 | Build | House |
| 13:59 | Create | Villager (Male) |
| 14:07 | Build | Farm |
| 14:10 | Build | Farm |
| 14:20 | Create | Villager (Male) |
| 14:34 | Create | Villager (Male) |
| 14:39 | Create | Archer |
| 14:39 | Create | Archer |
| 14:47 | Build | Farm |
| 14:54 | Create | Scout Cavalry |
| 15:00 | Create | Villager (Male) |
| 15:02 | Build | Blacksmith |
| 15:12 | Create | Scout Cavalry |
| 15:20 | Build | House |
| 15:23 | Create | Archer |
| 15:24 | Create | Archer |
| 15:24 | Create | Archer |
| 15:38 | Build | Farm |
| 15:43 | Create | Scout Cavalry |
| 15:56 | Create | Villager (Male) |
| 16:02 | Research | Forging |
| 16:02 | Research | Forging |
| 16:13 | Research | Bloodlines |
| 16:13 | Research | Bloodlines |
| 16:14 | Research | Bloodlines |
| 16:25 | Build | House |
| 16:27 | Build | Farm |
| 16:31 | Create | Villager (Male) |
| 16:47 | Create | Archer |
| 16:54 | Create | Villager (Male) |
| 17:00 | Create | Archer |
| 17:00 | Create | Archer |
| 17:00 | Create | Archer |
| 17:01 | Create | Scout Cavalry |
| 17:05 | Build | Farm |
| 17:06 | Build | Farm |
| 17:17 | Build | Farm |
| 17:23 | Create | Villager (Male) |
| 17:32 | Create | Archer |
| 17:33 | Create | Archer |
| 17:33 | Create | Archer |
| 17:35 | Build | Watch Tower |
| 17:36 | Create | Villager (Male) |
| 17:39 | Build | House |
| 17:40 | Build | Palisade Wall |
| 17:47 | Research | Fletching |
| 17:47 | Research | Fletching |
| 17:59 | Create | Archer |
| 18:03 | Create | Villager (Male) |
| 18:14 | Create | Villager (Male) |
| 18:33 | Create | Villager (Male) |
| 18:39 | Create | Archer |
| 18:47 | Build | Farm |
| 19:09 | Create | Villager (Male) |
| 19:09 | Create | Archer |
| 19:09 | Create | Archer |
| 19:12 | Build | Market |
| 19:28 | Build | Archery Range |
| 19:35 | Research | Scale Barding Armor |
| 19:35 | Research | Scale Barding Armor |
Match timeline
| 2:42 | Scotty · first_building Barracks |
| 7:28 | MicroDA · wall_segment Palisade Wall x3 |
| 7:30 | MicroDA · wall_segment Palisade Wall x1 |
| 7:56 | MicroDA · wall_segment Palisade Wall x6 |
| 8:12 | MicroDA · first_building Barracks |
| 8:42 | Scotty · wall_segment Palisade Wall x1 |
| 8:43 | Scotty · wall_segment Palisade Wall x1 |
| 8:43 | Scotty · wall_segment Palisade Wall x1 |
| 8:44 | Scotty · wall_segment Palisade Wall x1 |
| 8:44 | Scotty · wall_segment Palisade Wall x1 |
| 8:45 | Scotty · wall_segment Palisade Wall x1 |
| 8:45 | Scotty · wall_segment Palisade Wall x1 |
| 8:51 | MicroDA · age_up feudal |
| 8:52 | MicroDA · first_building Stable |
| 9:16 | Scotty · wall_segment Palisade Wall x3 |
| 9:48 | MicroDA · wall_segment Palisade Wall x1 |
| 10:08 | Scotty · age_up feudal |
| 10:20 | Scotty · first_building Stable |
| 11:20 | MicroDA · first_building Archery Range |
| 12:39 | Scotty · wall_segment Palisade Wall x2 |
| 13:14 | MicroDA · wall_segment Palisade Wall x1 |
| 13:39 | Scotty · first_building Archery Range |
| 14:14 | MicroDA · wall_segment Palisade Wall x2 |
| 14:16 | MicroDA · wall_segment Palisade Wall x1 |
| 14:17 | MicroDA · wall_segment Palisade Wall x1 |
| 15:24 | MicroDA · wall_segment Palisade Wall x1 |
| 15:25 | MicroDA · wall_segment Palisade Wall x1 |
| 15:27 | MicroDA · wall_segment Palisade Wall x1 |
| 15:28 | MicroDA · wall_segment Palisade Wall x1 |
| 15:30 | MicroDA · wall_segment Palisade Wall x1 |
| 15:31 | MicroDA · wall_segment Palisade Wall x1 |
| 16:14 | MicroDA · wall_segment Palisade Wall x1 |
| 16:17 | MicroDA · wall_segment Palisade Wall x1 |
| 17:22 | MicroDA · wall_segment Palisade Wall x2 |
| 17:28 | MicroDA · wall_segment Palisade Wall x1 |
| 17:40 | Scotty · wall_segment Palisade Wall x1 |
| 18:57 | MicroDA · wall_segment Palisade Wall x1 |
| 18:57 | MicroDA · wall_segment Palisade Wall x1 |
| 19:44 | MicroDA · wall_segment Palisade Wall x1 |
| 20:17 | Scotty · wall_segment Palisade Wall x1 |
| 20:20 | Scotty · first_market_buy 100 stone |
| 21:32 | MicroDA · first_market_sell 100 stone |
| 21:35 | MicroDA · first_market_buy 100 food |
| 22:18 | MicroDA · wall_segment Palisade Wall x1 |
| 22:43 | Scotty · first_market_sell 100 wood |
| 24:27 | MicroDA · age_up castle |
| 25:24 | Scotty · age_up castle |
| 25:45 | MicroDA · wall_segment Palisade Wall x1 |
| 25:57 | MicroDA · first_building Siege Workshop |
| 27:06 | MicroDA · wall_segment Palisade Wall x1 |
| 27:58 | Scotty · first_building Monastery |
| 28:29 | MicroDA · wall_segment Palisade Wall x1 |
| 29:23 | Scotty · first_building Siege Workshop |
| 32:11 | MicroDA · resign |
[ AI ANALYSIS · 1 CREDIT ]
What really happened in this match?
Wolo.gg analyzes every decision: build order, eco, micro, common mistakes by bracket. Personalized analysis on WhatsApp or Discord in 30 seconds.
Civ guide
Burmese
Perfil
Jugador #12369748